 Dungeon Crawl Stone Soup version 0.18-a0-1778-gadce9fa (webtiles) character file.

655 4thArraOfDagon the Ruffian (level 7, -1/59 HPs)
             Began as a Troll Earth Elementalist on Apr 16, 2016.
             Was a Follower of Makhleb.
             Slain by an ice beast (17 damage)
             ... on level 7 of the Dungeon.
             The game lasted 00:03:45 (946 turns).

4thArraOfDagon the Ruffian (TrEE)                    Turns: 946, Time: 00:03:45

Health: -1/59      AC:  6    Str: 17    XL:     7   Next: 29%
Magic:  7/7        EV:  9    Int: 13    God:    Makhleb [*.....]
Gold:   55         SH:  0    Dex: 10    Spells: 1 memorised, 7 levels left

rFire  . . .     SeeInvis .       - Unarmed
rCold  . . .     Gourm    +     a - +0 robe
rNeg   . . .     Faith    .     (no shield)
rPois  .         Spirit   .     (helmet restricted)
rElec  .         Dismiss  .     (no cloak)
rCorr  .         Reflect  .     (gloves unavailable)
SustAt .         Harm     +     (boots unavailable)
MR     .....                    f - amulet of harm
Stlth  +.........               (no ring)
                                (no ring)

@: not resistant to hostile enchantments, very unstealthy
A: unfitting armour, claws 3, fast metabolism 3, gourmand, regeneration 2,
shaggy fur 2, tough skin 2
a: Renounce Religion


You were on level 7 of the Dungeon.
You worshipped Makhleb.
Makhleb was aware of your devotion.
You were full.

You visited 1 branch of the dungeon, and saw 7 of its levels.

You collected 55 gold pieces.

Inventory:

Hand Weapons
 i - a +0 giant spiked club
Missiles
 b - 20 stones (quivered)
Armour
 a - a +0 robe (worn)
Jewellery
 f - an amulet of harm (around neck)
Scrolls
 e - a scroll of fog {unknown}
 g - a scroll of noise {unknown}
 h - a scroll of remove curse {unknown}
Potions
 j - a potion of degeneration {unknown}
 l - a potion of agility {unknown}
 m - a potion of curing
Books
 c - a book of Geomancy

   Spells                             Type                      Level
   a - Sandblast                      Earth                        1
   b - Passwall                       Transmutation/Earth          2
   c - Stone Arrow                    Conjuration/Earth            3
   d - Petrify                        Transmutation/Earth          4
   e - Lee's Rapid Deconstruction     Earth                        5
Comestibles
 d - 2 bread rations
 k - a beef jerky


   Skills:
 - Level 1.5 Dodging
 - Level 1.1 Stealth
 + Level 7.9 Unarmed Combat
 - Level 1.2 Spellcasting
   Level 0.6 Transmutations
 - Level 2.6 Earth Magic


You had 7 spell levels left.
You knew the following spells:

 Your Spells              Type           Power        Failure   Level  Hunger
a - Sandblast             Erth           #.....       10%         1    ##.....


Dungeon Overview and Level Annotations

Branches:
Dungeon (7/15)             Temple (0/1) D:6

Altars:
Elyvilon
Makhleb
Nemelex Xobeh
Pakellas

Annotations:
D:3 Grinder


Innate Abilities, Weirdness & Mutations

You are too large for most types of armour.
You have claws for hands.
Your metabolism is lightning-fast.
You like to eat raw meat.
You heal very quickly.
You are covered in thick fur (AC +2).
You have very tough skin (AC +2).


Message History

The ice beast hits you but does no damage.
You closely miss the ice beast.
The ice beast is moderately wounded.
You scratch the ice beast but do no damage.
The ice beast is moderately wounded.
The ice beast hits you. The ice beast freezes you!
* * * LOW HITPOINT WARNING * * *
You are too injured to fight recklessly!
You are too injured to fight recklessly!
You are too injured to fight recklessly!
You are too injured to fight recklessly!
You are too injured to fight recklessly!
Unknown command.
You barely miss the ice beast.
The ice beast is moderately wounded.
The orc shouts!
The ice beast hits you.
* * * LOW HITPOINT WARNING * * *
The ice beast freezes you!
You die...

... .. o? #.
#o### #...
#..#
#[o#####
#..oY@.#
##.###.###.#
#....<....#
#.###.#####
... #.# ...
#.# #.). #.#
##. #.# ...


You could see an ice beast and 2 orcs.

Vanquished Creatures
  Eustachio (D:6)
  A sky beast (D:5)
  2 ogres
  2 crimson imps (D:5)
  2 hounds
  2 iguanas
  5 adders
  A worm (D:2)
  2 giant geckos
  3 bats
  A giant cockroach (D:5)
  2 goblins (D:1)
  4 hobgoblins (D:1)
  A quokka (D:2)
  A jackal zombie (D:5)
  A rat (D:3)
31 creatures vanquished.

Notes
Turn   | Place    | Note
--------------------------------------------------------------
     0 | D:1      | 4thArraOfDagon the Troll Earth Elementalist began the quest for the Orb.
     0 | D:1      | Reached XP level 1. HP: 16/16 MP: 1/1
    57 | D:1      | Reached skill level 1 in Unarmed Combat
   116 | D:1      | Reached XP level 2. HP: 24/24 MP: 2/2
   175 | D:2      | Reached skill level 2 in Unarmed Combat
   178 | D:2      | Found a sparkling altar of Nemelex Xobeh.
   182 | D:2      | Found an oddly glowing altar of Pakellas.
   182 | D:2      | Found a burning altar of Makhleb.
   183 | D:2      | Found a white marble altar of Elyvilon.
   204 | D:2      | Became a worshipper of Makhleb the Destroyer
   270 | D:3      | Reached XP level 3. HP: 28/31 MP: 3/3
   287 | D:3      | Reached skill level 3 in Unarmed Combat
   317 | D:4      | Reached XP level 4. HP: 32/39 MP: 4/4
   326 | D:4      | Reached skill level 4 in Unarmed Combat
   354 | D:4      | Noticed an ogre
   438 | D:4      | Killed an ogre
   438 | D:4      | Reached skill level 5 in Unarmed Combat
   438 | D:4      | Reached XP level 5. HP: 41/45 MP: 5/5
   452 | D:3      | Noticed Grinder
   564 | D:5      | Entered Level 5 of the Dungeon
   564 | D:5      | Noticed a sky beast
   577 | D:5      | Killed a sky beast
   577 | D:5      | Reached skill level 6 in Unarmed Combat
   577 | D:5      | Reached XP level 6. HP: 25/53 MP: 6/6
   581 | D:5      | Gained mutation: You are covered in thick fur (AC +2). [mutagenic meat]
   805 | D:5      | Reached skill level 7 in Unarmed Combat
   841 | D:6      | Reached * piety under Makhleb
   841 | D:6      | Reached XP level 7. HP: 50/59 MP: 7/7
   844 | D:6      | Noticed Eustachio
   881 | D:6      | Killed Eustachio
   895 | D:6      | Found a staircase to the Ecumenical Temple.
   946 | D:7      | Slain by an ice beast

Vault maps used:
D:1:      minmay_arrival_stone_box, dk_noncrumbling_3
D:2:      grunt_temple_overflow_open, ecumenical_altar_2, minmay_misc_feat_iff
D:3:      grunt_gozag_statues, uniq_robin, uniq_grinder
D:4:      corexii_shantytown, uniq_natasha
D:5:      nicolae_tso_swordbearing_angel, first_bread
D:6:      temple_doors_e, corexii_leaking_fountain, uniq_eustachio

Skill      XL: |  1  2  3  4  5  6 |
---------------+-------------------+-----
Unarmed Combat | 1 2 3 5 6 7 |  7.9
Dodging        | |  1.5
Stealth        | |  1.1
Spellcasting   | |  1.2
Transmutations | |  0.6
Earth Magic    | |  2.6

Action                   |  1- 3 |  4- 6 |  7- 9 || total
-------------------------+-------+-------+-------++-------
Melee: Unarmed           |    43 |    55 |    24 ||   122
  Use: Potion            |     1 |     1 |       ||     2
 Stab: Sleeping          |       |     1 |       ||     1
  Eat: Chunk             |     9 |     3 |       ||    12
Armor: Robe              |    17 |    12 |     9 ||    38
Dodge: Dodged            |    17 |    19 |     7 ||    43
